 Dungeon Crawl Stone Soup version 0.30-a0-613-gdd512c7efb (webtiles) character file.

Game seed: 1812921057535113441

1042 bmack86 the Trooper (level 8, -3/73 HPs)
             Began as a Minotaur Fighter on Jan 8, 2023.
             Killed by nerve-wracking pain
             ... invoked by an orc priest
              (12 damage)
             ... on level 6 of the Dungeon.
             The game lasted 00:16:20 (4776 turns).

bmack86 the Trooper (Minotaur Fighter)              Turns: 4776, Time: 00:16:21

Health: -3/73      AC: 11    Str: 24    XL:     8   Next: 4%
Magic:  7/7        EV:  4    Int: 11    God:
Gold:   173        SH:  5    Dex:  9    Spells: 7/7 levels left

rFire   + . .      SeeInvis .    a - +0 war axe
rCold   + . .      Faith    .    c - +0 buckler
rNeg    . . .      Spirit   .    o - +0 gold dragon scales
rPois   +          Reflect  .    (helmet restricted)
rElec   .          Harm     .    (no cloak)
rCorr   .          Rampage  .    (no gloves)
Will    .....                    (no boots) Stlth
                                 t - amulet of regeneration
HPRegen 1.12/turn                F - +6 ring of intelligence
MPRegen 0.10/turn                (no ring)

@: corroded
A: horns 2, retaliatory headbutt
a: no special abilities


You were on level 6 of the Dungeon.
You visited 2 branches of the dungeon, and saw 7 of its levels.
You also visited: Sewer and Ossuary.

You collected 306 gold pieces.
You spent 133 gold pieces at shops.

Inventory:

Hand Weapons
 a - a +0 war axe (weapon)
Missiles
 q - a curare-tipped dart (quivered)
 r - 7 poisoned darts
Armour
 c - a +0 buckler (worn)
 o - +0 gold dragon scales (worn)
Jewellery
 s - an amulet of the acrobat
 t - an amulet of regeneration (around neck)
 F - a +6 ring of intelligence (left hand)
Wands
 g - a wand of flame (5)
Scrolls
 j - 3 scrolls of butterflies
 l - 4 scrolls of enchant weapon
 n - a scroll of silence
 y - 4 scrolls of teleportation
 C - a scroll of fog
 D - a scroll of fear {unknown}
 E - a scroll of blinking {unknown}
Potions
 b - 2 potions of flight
 d - 2 potions of might
 e - 6 potions of haste
 f - 2 potions of invisibility
 h - 7 potions of curing
 i - a potion of cancellation
 k - 3 potions of brilliance
 m - 2 potions of attraction
 p - a potion of lignification {unknown}
 u - 3 potions of mutation
 v - a potion of berserk rage {unknown}
 z - 2 potions of magic {unknown}
 A - 3 potions of resistance
 B - 2 potions of heal wounds {unknown}


   Skills:
 * Level 7.2 Fighting
 * Level 6.6 Axes
 + Level 2.0 Throwing
 + Level 5.7 Armour
 + Level 5.6 Shields


You had 7 spell levels left.
You didn't know any spells.
Your spell library contained the following spells:

 Spells                   Type           Power      Damage    Failure   Level
 Cigotuvi's Dreadful Rot  Necr/Pois/Air  0%         N/A       100%        2
 Poisonous Vapours        Pois/Air       0%         N/A       100%        2
 Mephitic Cloud           Conj/Pois/Air  0%         N/A       100%        3


Dungeon Overview and Level Annotations

Branches:
Dungeon (6/15)             Temple (1/1) D:5           Sewer (visited)
Ossuary (visited)

Altars:
Ashenzari
Cheibriados
Fedhas
Gozag
Hepliaklqana
Kikubaaqudgha
Makhleb
Nemelex Xobeh
Ru
Sif Muna
Trog
Uskayaw
Vehumet
Wu Jian
Yredelemnul

Shops:
D:3 !   D:4 *


Innate Abilities, Weirdness & Mutations

You have a pair of horns on your head.
You reflexively headbutt those who attack you in melee.


Message History

You have reached level 8!
You feel stronger.
You barely miss the orc priest.
The orc priest is moderately wounded.
You hit the orc.
You hit the orc warrior but do no damage.
The orc hits you but does no damage.
The orc warrior hits you with a +0 war axe.
The orc priest miscasts a cantrip.
You closely miss the orc priest. Your headbutt misses the orc priest.
The orc priest is moderately wounded.
You hit the orc.
You kill the orc!
You closely miss the orc warrior.
The orc priest invokes the aid of Beogh against you.
Beogh smites you!
The orc warrior hits you with a +0 war axe!
You slash the orc priest!
The orc priest is almost dead.
You hit the orc warrior but do no damage.
You block the orc priest's attack.
The orc warrior hits you with a +0 war axe.
The orc priest calls down the wrath of Beogh upon you.
Beogh smites you!
* * * LOW HITPOINT WARNING * * *
The orc warrior hits you with a +0 war axe.
* * * LOW HITPOINT WARNING * * *
You closely miss the orc priest.
The orc priest is almost dead.
You hit the orc warrior.
The orc priest hits you but does no damage.
The orc warrior hits you with a +0 war axe.
* * * LOW HITPOINT WARNING * * *
You barely miss the orc priest.
You headbutt the orc priest, but do no damage.
The orc priest is almost dead.
You completely miss the orc warrior.
The orc priest mumbles some strange prayers to Beogh against you.
Pain shoots through your body!
You die...

,,,##...#...#*,,,*,,,,,,,*,,,,,*,
,,##..#..#..#######+######,,,,,*,
,,#_.#..#..#.....##.....§,,,,,,*,
,,###..#..#..#...#......#*,,,,,**
,,,*#...#...##...'.....<#********
***+#########....#.....§§§.....*,
,,,,,*,,,,,#.....#.....§§§.....*,
,,,,,*,,,..#####'######.###..##**
*,,,,*,,,......)@o...?#.#**,.#***
*>,,,+,,,......o).....#..,,,,..,,
******,,,.............#..,,,,,.,*
,,,,,,,,,.............+..,,,,,,,,
,,,,,,,,,.............#,,,,,,,,,,
,,,,,,,,,.............#****,***,*
,,,,,,,,,..#+#####......,**,***,*
,,,,,,,,,..*,,,,,*......,+,,,+,,,
,,,,,,******,,,,,*......,*,,,*,,,


You could see an orc warrior and an orc priest.

Vanquished Creatures
  An ogre (D:5)
  2 kobold brigands (Sewer)
  An elf zombie (D:5)
  3 elf skeletons (D:5)
  A howler monkey (D:5)
  3 human zombies
  4 hounds
  A jelly (D:6)
  Terence (D:3)
  4 mummies (Ossuary)
  8 adders
  5 river rats
  A white imp (D:6)
  An ufetubus (D:4)
  4 worms
  9 orcs
  9 ball pythons
  7 endoplasms
  3 giant cockroaches
  2 gnoll zombies (Ossuary)
  7 hobgoblins
  6 kobolds
  4 quokkas
  5 bats
  3 frilled lizards
  8 goblins
  2 goblin zombies (Ossuary)
  2 kobold zombies (Ossuary)
  An orc skeleton (D:5)
  8 rats
116 creatures vanquished.

Vanquished Creatures (others)
  A plant (D:4)
1 creature vanquished.

Grand Total: 117 creatures vanquished

Notes
Turn   | Place    | Note
-------+----------+-------------------------------------------
     0 | D:1      | bmack86 the Minotaur Fighter began the quest for the Orb.
     0 | D:1      | Reached XP level 1. HP: 19/19 MP: 0/0
   240 | D:1      | Reached XP level 2. HP: 27/27 MP: 1/1
   358 | D:1      | Reached skill level 4 in Fighting
  1055 | D:2      | Reached XP level 3. HP: 33/33 MP: 2/2
  1593 | D:3      | Found Yqenkor's Distillery.
  1610 | D:3      | Bought a potion of curing for 36 gold pieces
  2162 | D:3      | Reached XP level 4. HP: 41/41 MP: 3/3
  2210 | D:3      | Noticed Terence
  2223 | D:3      | Killed Terence
  2326 | D:3      | Found an opulent altar of Gozag.
  2412 | D:3      | Found a faded altar of an unknown god.
  2416 | D:3      | Found a broken altar of Ashenzari.
  2542 | D:4      | Reached XP level 5. HP: 36/47 MP: 4/4
  2607 | D:4      | Found an ornate altar of the Wu Jian Council.
  2614 | D:4      | Reached skill level 5 in Fighting
  2716 | D:4      | Found a glowing drain.
  2730 | Sewer    | Entered a sewer
  2810 | Sewer    | Reached XP level 6. HP: 54/57 MP: 5/5
  2824 | Sewer    | Reached skill level 5 in Axes
  2842 | Sewer    | Found a white marble altar of Elyvilon.
  3075 | D:4      | Reached skill level 6 in Fighting
  3075 | D:4      | Reached skill level 5 in Armour
  3125 | D:4      | Found a sparkling altar of Nemelex Xobeh.
  3130 | D:4      | Reached skill level 5 in Shields
  3151 | D:4      | Found an ancient bone altar of Kikubaaqudgha.
  3151 | D:4      | Found a radiant altar of Vehumet.
  3241 | D:4      | Identified the +1 leather armour of Uskayaw's Grace {Int+9
                  | Dex-4 Slay+5}
  3267 | D:4      | Found Cixzun's General Store.
  3271 | D:4      | Bought a scroll of enchant weapon for 97 gold pieces
  3416 | D:5      | Entered Level 5 of the Dungeon
  3513 | D:5      | Reached XP level 7. HP: 38/63 MP: 6/6
  3638 | D:5      | Reached skill level 1 in Throwing
  3656 | D:5      | Found a sand-covered staircase.
  3672 | Ossuary  | Entered an ossuary
  3967 | D:5      | Reached skill level 7 in Fighting
  4329 | D:5      | Found a staircase to the Ecumenical Temple.
  4347 | Temple   | Entered the Ecumenical Temple
  4746 | D:6      | Found a hazy altar of Hepliaklqana.
  4772 | D:6      | Reached XP level 8. HP: 49/73 MP: 7/7
  4776 | D:6      | Killed from afar by an orc priest

Illustrated notes

Levels and vault maps discovered:
D:1:      minmay_arrival_four_loops, layout_basic
D:2:      layout_basic
D:3:      corexii_shack_village, layout_basic,
          nicolae_overflow_ecumenical_swirl,
          nicolae_gozag_cash_rules_everything_around_me, serial_shops,
          nicolae_shop_competitors_out_of_business, kennysheep_generic_room_12,
          uniq_terence
D:4:      layout_basic, mainiacjoe_overflow_concentric_impassable,
          gammafunk_temple_overflow_forgotten, lightli_sewer_entry_pipes,
          serial_shops, shop
D:5:      layout_cave_pods, minmay_temple_entry_butterflies,
          nicolae_ossuary_entry_catacombs
D:6:      minmay_goblin_kobold_castle, layout_gridville, marbit_many_paths,
          serial_shops, nicolae_shop_trees, minmay_misc_feat_square,
          minmay_increasing_density
Temple:   hellmonk_temple_rainy

Skill      XL: |  1  2  3  4  5  6  7 |
---------------+----------------------+-----
Fighting       | 4 5 6 7 |  7.2
Axes           | 3 4 5 6 |  6.6
Armour         | 4 5 |  5.7
Shields        | 4 5 |  5.6
Throwing       | 2 |  2.0

Action                   |  1- 3 |  4- 6 |  7- 9 || total
-------------------------+-------+-------+-------++-------
Melee: War axe           |   112 |   144 |   106 ||   362
       Headbutt          |    12 |    15 |    24 ||    51
  Use: Scroll            |     3 |     6 |     5 ||    14
Armor: Scale mail        |    68 |       |       ||    68
       Gold dragon scale |     9 |   122 |    59 ||   190
Dodge: Dodged            |    55 |    27 |    10 ||    92
Block: Buckler           |    27 |    30 |    21 ||    78

Table legend: (Time is in decaauts)
 A = Elapsed time spent in this place.
 B = Non-inter-level travel time spent in this place.
 C = Inter-level travel time spent in this place.
 D = Time resting spent in this place.
 E = Time spent auto-exploring this place.
 F = Levels seen in this place.
 G = Mean time per level.
                   A        B        C        D        E       F      G
               +--------+--------+--------+--------+--------+-----+--------+
         Total |   4955 |   4828 |    127 |      0 |   3025 |   9 |  550.6 |
       Dungeon |   4420 |   4293 |    127 |      0 |   2929 |   6 |  736.7 |
        Temple |     19 |     19 |      0 |      0 |      0 |   1 |   19.0 |
         Sewer |    272 |    272 |      0 |      0 |     96 |   1 |  272.0 |
       Ossuary |    243 |    243 |      0 |      0 |      0 |   1 |  243.0 |
               +--------+--------+--------+--------+--------+-----+--------+

Top non-repeatable levels by time:
     D:5: 1057 daAuts
     D:1: 961 daAuts
     D:3: 949 daAuts
     D:4: 781 daAuts
     D:2: 608 daAuts
   Sewer: 272 daAuts
 Ossuary: 243 daAuts
     D:6: 63 daAuts
  Temple: 19 daAuts
